 Dungeon Crawl Stone Soup version 0.29.1-2-gbd0b4ee654 (webtiles) character file.

Game seed: 9723333266944351116

21 kingsuperguy the Cudgeller (level 2, 0/27 HPs)
             Began as a Minotaur Berserker on Nov 16, 2022.
             Was a Follower of Trog.
             Slain by a dart slug (1 damage)
             ... on level 2 of the Dungeon.
             The game lasted 00:00:52 (540 turns).

kingsuperguy the Cudgeller (Minotaur Berserker)      Turns: 540, Time: 00:00:53

Health: 0/27       AC:  2    Str: 21    XL:     2   Next: 65%
Magic:  1/1        EV: 12    Int:  4    God:    Trog [*.....]
Gold:   15         SH:  0    Dex:  9    Spells: 1/1 levels left

rFire   . . .      SeeInvis .   a - +0 mace
rCold   . . .      Faith    .   (no shield)
rNeg    . . .      Spirit   .   b - +0 animal skin
rPois   .          Reflect  .   (helmet restricted)
rElec   .          Harm     .   (no cloak)
rCorr   .          Rampage  .   (no gloves)
Will    .....                   (no boots)
Stlth   +.........              (no amulet)
HPRegen 0.09/turn               (no ring)
MPRegen 0.07/turn               (no ring)

@: mighty, on berserk cooldown, slowed, very slow
A: horns 2, retaliatory headbutt
a: Renounce Religion, Berserk


You were on level 2 of the Dungeon.
You worshipped Trog.
Trog was aware of your devotion.
You visited 1 branch of the dungeon, and saw 2 of its levels.

You collected 15 gold pieces.

Inventory:

Hand Weapons
 a - a +0 mace (weapon)
 c - a +0 dagger of venom
Armour
 b - a +0 animal skin (worn)
Scrolls
 d - a scroll of enchant weapon {unknown}
 f - a scroll of teleportation {unknown}
 h - a scroll of identify {unknown}
Potions
 g - a potion of curing {unknown}


   Skills:
 + Level 4.1 Fighting
 + Level 4.2 Maces & Flails
 + Level 2.7 Armour
 + Level 2.2 Dodging


You had one spell level left.
You didn't know any spells.
Your spell library was empty.

Dungeon Overview and Level Annotations

Branches:
Dungeon (2/15)

Altars:


Innate Abilities, Weirdness & Mutations

You have a pair of horns on your head.
You reflexively headbutt those who attack you in melee.


Message History

You are too injured to fight recklessly!
A red film seems to cover your vision as you go berserk!
You feel yourself moving faster!
You feel mighty! The kobold barely misses you.
You feel a strong urge to attack something.
You thump the worm!
You kill the worm!
Trog accepts your kill.
You sock the kobold!
You kill the kobold!
Trog accepts your kill.
There is an open door, spattered with blood here.
Items here: ( ) ††.
You start resting.
You feel a strong urge to attack something.
You start resting.
You are no longer berserk.
You are exhausted.
You feel yourself slow down.
You start resting.
A hobgoblin comes into view.
A hobgoblin is nearby!
The hobgoblin shouts!
A dart slug comes into view.
The hobgoblin misses you.
You closely miss the hobgoblin. The hobgoblin hits you. x2
* * * LOW HITPOINT WARNING * * *
You closely miss the hobgoblin. The hobgoblin hits you.
* * * LOW HITPOINT WARNING * * *
The hobgoblin barely misses you.
You hit the hobgoblin.
The hobgoblin is moderately wounded.
The hobgoblin hits you but does no damage.
The hobgoblin hits you.
* * * LOW HITPOINT WARNING * * *
The dart slug bites you but does no damage.
It was a potion of might.
You feel very mighty all of a sudden.
The hobgoblin hits you but does no damage.
The dart slug bites you.
You die...

###...##
##.....##
#.......+
##.....##
##...##
##)##
##...##
##.....##
+...@...#
##..gw.##
##...##
##'## ...
... ...
.....


You could see a dart slug and a hobgoblin.

Vanquished Creatures
  A worm (D:2)
  A dart slug (D:1)
  An endoplasm (D:1)
  4 goblins (D:1)
  A hobgoblin (D:1)
  3 bats (D:1)
  2 frilled lizards (D:1)
  2 kobolds
  3 rats (D:1)
18 creatures vanquished.

Notes
Turn   | Place    | Note
-------+----------+-------------------------------------------
     0 | D:1      | kingsuperguy the Minotaur Berserker began the quest for the
                  | Orb.
     0 | D:1      | Reached XP level 1. HP: 19/19 MP: 0/0
     2 | D:1      | Noticed a formicid
     2 | D:1      | Noticed a palentonga
     4 | D:1      | Noticed a meteoran
     4 | D:1      | Noticed a draconian
     6 | D:1      | Noticed a felid
     6 | D:1      | Noticed an ogre
     8 | D:1      | Noticed a minotaur
     8 | D:1      | Noticed a naga
    10 | D:1      | Noticed a demigod
    12 | D:1      | Noticed an octopode
    12 | D:1      | Noticed a gargoyle
    14 | D:1      | Noticed a troll
    14 | D:1      | Noticed a human
    16 | D:1      | Noticed an elf
    16 | D:1      | Noticed a vampire
    18 | D:1      | Noticed a merfolk
    20 | D:1      | Noticed a spriggan
    20 | D:1      | Noticed a vine stalker
    22 | D:1      | Noticed a demonspawn
    24 | D:1      | Noticed a ghoul
    24 | D:1      | Noticed a minotaur
    26 | D:1      | Noticed a naga
   144 | D:1      | Reached XP level 2. HP: 27/27 MP: 1/1
   539 | D:2      | HP: 1/27 [hobgoblin (1)]
   540 | D:2      | Slain by a dart slug

Illustrated notes

Levels and vault maps discovered:
D:1:      kb_arrival_jail, layout_rooms, st_stairs_9, minmay_misc_feat_hallway
D:2:      layout_rooms, basic_altar, nicolae_hexahallways

Skill      XL: |  1  2 |
---------------+-------+-----
Maces & Flails | 4 |  4.2
Fighting       | 4 |  4.1
Armour         | |  2.7
Dodging        | |  2.2

Action                   || total
-------------------------++-------
Melee: Mace              ||    28
       Headbutt          ||     3
Invok: Berserk           ||     1
  Use: Potion            ||     1
 Stab: Distracted        ||     1
       Sleeping          ||     1
Armor: Animal skin       ||     6
Dodge: Dodged            ||    20
